 Dungeon Crawl Stone Soup version 0.29.1-1-gd02db6906a (webtiles) character file.

Game seed: 5416884545609012858

113 Earthwalker the Shield-Bearer (level 4, 0/41 HPs)
             Began as a Minotaur Fighter on Oct 22, 2022.
             Splashed by a jelly's acid (5 damage)
             ... on level 4 of the Dungeon.
             The game lasted 00:03:42 (1899 turns).

Earthwalker the Shield-Bearer (Minotaur Fighter)    Turns: 1899, Time: 00:03:44

Health: 0/41       AC: -4    Str: 23    XL:     4   Next: 65%
Magic:  0/3        EV:  9    Int:  5    God:
Gold:   87         SH:  4    Dex:  9    Spells: 3/3 levels left

rFire   . . .      SeeInvis .   a - +0 war axe
rCold   . . .      Faith    .   c - +0 buckler
rNeg    . . .      Spirit   +   b - +0 scale mail
rPois   .          Reflect  .   (helmet restricted)
rElec   .          Harm     .   (no cloak)
rCorr   .          Rampage  .   (no gloves)
Will    .....                   (no boots)
Stlth   ..........              p - amulet of guardian spirit
HPRegen 0.13/turn               (no ring)
MPRegen 0.08/turn               (no ring)

@: corroded
A: horns 2, retaliatory headbutt
a: no special abilities


You were on level 4 of the Dungeon.
You visited 1 branch of the dungeon, and saw 4 of its levels.

You collected 87 gold pieces.

Inventory:

Hand Weapons
 a - a +0 war axe (weapon)
Missiles
 j - 5 boomerangs (quivered)
Armour
 b - a +0 scale mail (worn)
 c - a +0 buckler (worn)
Jewellery
 p - an amulet of guardian spirit (around neck)
Scrolls
 e - a scroll of enchant armour {unknown}
 f - 2 scrolls of teleportation {unknown}
 h - a scroll of vulnerability {unknown}
 k - 2 scrolls of identify {unknown}
 l - a scroll of amnesia {unknown}
 q - a scroll of blinking {unknown}
Potions
 d - a potion of might
 g - 3 potions of heal wounds {unknown}
 i - a potion of flight {unknown}
 m - a potion of ambrosia {unknown}
 n - 2 potions of lignification {unknown}
 o - 2 potions of curing {unknown}


   Skills:
 * Level 4.3 Fighting
 * Level 3.6 Axes
 * Level 4.3 Armour
 + Level 1.3 Dodging
 * Level 4.5 Shields


You had 3 spell levels left.
You didn't know any spells.
Your spell library contained the following spells:

 Spells                   Type           Power      Damage    Failure   Level
 Blink                    Tloc           0%         N/A       95%         2
 Lesser Beckoning         Tloc           0%         N/A       99%         3
 Manifold Assault         Tloc           0%         N/A       100%        5
 Chain Lightning          Conj/Air       0%         N/A       100%        9
 Fire Storm               Conj/Fire      0%         5d1       100%        9
 Shatter                  Erth           0%         3d5*      100%        9


Dungeon Overview and Level Annotations

Branches:
Dungeon (4/15)
 Temple: D:4-7

Altars:

Annotations:
D:3 Sigmund


Innate Abilities, Weirdness & Mutations

You have a pair of horns on your head.
You reflexively headbutt those who attack you in melee.


Message History

The iguana is moderately wounded.
The iguana barely misses you. You furiously retaliate!
You headbutt the iguana! You closely miss the iguana.
Your headbutt misses the iguana.
The iguana is almost dead.
The orc throws a boomerang.
The boomerang hits you. The iguana barely misses you. You furiously retaliate!
You headbutt the iguana.
You kill the iguana!
The orc hits you but does no damage.
You slash the orc!
You kill the orc!
No target in view!
No target in view!
You see here an iguana corpse.
j - 5 boomerangs (gained 2)
Things that are here:
a +0 whip; an orc corpse You see here an iguana corpse.
q - a scroll labelled BANUEBORCHI You start resting.
You hear a slurping noise.
The jelly eats the door!
A jelly comes into view.
The jelly quivers.
You hit the jelly.
Your hands burn!
The jelly is lightly wounded.
The jelly hits you.
You are splashed with acid!
You slash the jelly!
Your hands burn!
You headbutt the jelly.
The jelly is moderately wounded.
The jelly hits you. The acid corrodes you!
You are splashed with acid!
The jelly hits you.
You are splashed with acid.
* * * LOW HITPOINT WARNING * * *
You are too injured to fight recklessly!
You slash the jelly! The acid corrodes you!
Your hands burn!
* * * LOW HITPOINT WARNING * * *
You headbutt the jelly.
The jelly is heavily wounded.
The jelly hits you.
* * * LOW HITPOINT WARNING * * *
The acid corrodes you!
You are splashed with acid.
You die...

................'....#
................#....#
................#....#
................#....#
................#....#
.............#############
##+######.........).....#
+.............<.#
#...@...........#
#...J....†).....#
#...............#
##.########.....# ..
.....# ... ....... ...
....... .... .......
.......


You could see a jelly.

Vanquished Creatures
  An iguana (D:4)
  3 adders
  A worm (D:2)
  An orc (D:4)
  A ball python (D:1)
  4 endoplasms
  2 giant cockroaches
  5 goblins
  4 hobgoblins
  12 jackals (D:1)
  A kobold (D:2)
  2 quokkas
  9 bats
  6 rats
52 creatures vanquished.

Notes
Turn   | Place    | Note
-------+----------+-------------------------------------------
     0 | D:1      | Earthwalker the Minotaur Fighter began the quest for the
                  | Orb.
     0 | D:1      | Reached XP level 1. HP: 19/19 MP: 0/0
    98 | D:1      | Reached XP level 2. HP: 21/27 MP: 1/1
   112 | D:1      | Reached XP level 3. HP: 10/33 MP: 2/2
   397 | D:1      | Reached skill level 1 in Dodging
   415 | D:1      | Found a faded altar of an unknown god.
   848 | D:2      | Reached XP level 4. HP: 34/40 MP: 3/3
  1360 | D:3      | Noticed Sigmund
  1899 | D:4      | Splashed by a jelly's acid

Illustrated notes

Levels and vault maps discovered:
D:1:      spicycebolla_green_bress_n_ham, layout_rooms,
          shapermc_ecumenical_altar_ellora, corexii_corridor_pit
D:2:      layout_loops_ring
D:3:      layout_basic, nicolae_uskayaw_murder_on_the_dancefloor,
          fedhas_ov_isle_minmay, uniq_sigmund
D:4:      layout_gridville, grunt_qazlal_clouds, grunt_decor_junction,
          due_unseen_surprise, uniq_grinder

Skill      XL: |  1  2  3 |
---------------+----------+-----
Shields        | 4 |  4.5
Fighting       | 4 |  4.3
Armour         | 4 |  4.3
Axes           | 3 |  3.6
Dodging        | 1 |  1.3

Action                   |  1- 3 |  4- 6 || total
-------------------------+-------+-------++-------
Melee: War axe           |    66 |    25 ||    91
       Headbutt          |    10 |     2 ||    12
Armor: Scale mail        |    45 |     8 ||    53
Dodge: Dodged            |    40 |    10 ||    50
Block: Buckler           |    21 |     3 ||    24
